 Dungeon Crawl Stone Soup version 0.29.0-5-ge4962eb29e (webtiles) character file.

Game seed: 4243626180476060457

19301 Arum the Fighter (level 13, -3/157 (166) HPs)
             Began as a Formicid Fighter on Aug 29, 2022.
             Was an Elder of the Shining One.
             Slain by Frances
             ... wielding a +4 dire flail of venom
              (15 damage)
             ... on level 13 of the Dungeon.
             The game lasted 00:17:42 (13392 turns).

Arum the Fighter (Formicid Fighter)                Turns: 13392, Time: 00:17:43

HP:   -3/157 (166)  AC: 26    Str: 30    XL:     13   Next: 3%
MP:   0/13          EV:  2    Int: 10    God:    the Shining One [****..]
Gold: 866           SH:  6    Dex: 13    Spells: 12/12 levels left

rFire   . . .      SeeInvis .   a - +1 quarterstaff (vorpal)
rCold   . . .      Faith    .   c - +1 buckler
rNeg    + + .      Spirit   +   (body armour currently unavailable)
rPois   +          Reflect  .   (helmet unavailable)
rElec   .          Harm     .   (cloak currently unavailable)
rCorr   .          Rampage  .   (gloves currently unavailable)
Will    +....                   (boots currently unavailable)
Stlth   +.........              r - amulet of guardian spirit
HPRegen 0.36/turn               E - +6 ring of strength
MPRegen 0.13/turn               D - ring of poison resistance

@: mighty, lethally poisoned (-3 -> -13), tree-form, glowing, drained
A: stationary, stasis, torment immunity, boosted hp, permanent stasis, dig
shafts and tunnels, (antennae 3), four strong arms
a: Renounce Religion, Divine Shield, Cleansing Flame


You were on level 13 of the Dungeon.
You worshipped the Shining One.
The Shining One was greatly pleased with you.
You were a tree.
You visited 1 branch of the dungeon, and saw 13 of its levels.

You collected 866 gold pieces.

Inventory:

Hand Weapons
 a - a +1 vorpal quarterstaff (weapon)
 u - a +2 whip of holy wrath
 z - a +2 spectral quarterstaff
Missiles
 l - 5 javelins
 A - a throwing net
Armour
 b - a +1 pair of boots of flying (melded)
 c - a +1 buckler (worn)
 e - a +2 cloak of preservation (melded)
 s - a +0 plate armour (melded)
 t - a +0 pair of gloves (melded)
 x - a +2 cloak of poison resistance
Jewellery
 r - an amulet of guardian spirit (around neck)
 B - a ring of protection from cold
 D - a ring of poison resistance (right branch)
 E - a +6 ring of strength (left branch)
 J - a ring of magical power
Wands
 w - a wand of iceblast (2)
 y - a wand of acid (6)
 C - a wand of flame (28)
 G - a wand of mindburst (5)
 M - a wand of digging (9)
 N - a wand of charming (4)
 P - a wand of polymorph (4)
Scrolls
 g - 5 scrolls of brand weapon
 k - 6 scrolls of magic mapping
 m - 9 scrolls of identify
 n - 2 scrolls of enchant armour
 q - 5 scrolls of butterflies
 v - 2 scrolls of noise
 F - 2 scrolls of poison
 H - 2 scrolls of fear
 K - 2 scrolls of amnesia
 O - a scroll of enchant weapon
Potions
 d - 3 potions of might
 h - 5 potions of mutation
 i - a potion of lignification
 j - 4 potions of magic
 o - 3 potions of brilliance
 p - a potion of resistance
 I - a potion of invisibility
 L - a potion of attraction


   Skills:
 + Level 13.4 Fighting
 + Level 12.2 Staves
 + Level 13.4 Armour
 - Level 4.0 Shields


You had 12 spell levels left.
You didn't know any spells.
Your spell library contained the following spells:

 Spells                   Type           Power      Damage    Failure   Level
 Gell's Gravitas          Tloc           0%         N/A       80%         3
 Lesser Beckoning         Tloc           0%         N/A       80%         3
 Ozocubu's Armour         Ice            0%         N/A       80%         3
 Teleport Other           Tloc           0%         N/A       80%         3
 Tukima's Dance           Hex            0%         N/A       80%         3
 Passage of Golubria      Tloc           0%         N/A       99%         4
 Manifold Assault         Tloc           0%         N/A       100%        5
 Metabolic Englaciation   Hex/Ice        0%         N/A       100%        5
 Yara's Violent Unravell  Hex/Tmut       0%         3d3       100%        5
 Simulacrum               Ice/Necr       0%         N/A       100%        6
 Storm Form               Tmut/Air       0%         N/A       100%        7
 Blink                    Tloc           Unusable   N/A       N/A         2

Dungeon Overview and Level Annotations

Branches:
Dungeon (13/15)            Temple (0/1) D:7            Lair (0/5) D:10
    Orc (0/2) D:10
 Vaults: D:13-14

Altars:
Ashenzari
Cheibriados
Dithmenos
Hepliaklqana
Makhleb
Nemelex Xobeh
Qazlal
Ru
Trog
Uskayaw
Vehumet
Xom
The Shining One

Annotations:
D:13 Frances


Innate Abilities, Weirdness & Mutations

You are a tree.
Your roots penetrate the ground, keeping you stationary.
You cannot be teleported.
You are immune to unholy pain and torment.
Your maximum health is greatly increased.
Your equipment is partially melded.
You cannot be hasted, slowed, berserked, paralysed or teleported.
You can dig through walls and to a lower floor.
((You have a pair of large antennae on your head. (SInv)))
Your four strong arms can wield two-handed weapons with a shield.


Message History

The mass of ice explodes!
The iceblast engulfs Frances!
Frances is lightly wounded.
Frances says, "I speak the language of demons!"
Frances hits you with a +4 dire flail of venom!!
You are poisoned.
You sock Frances!
Frances is moderately wounded.
You feel very sick.
Frances whispers indecipherable words.
The iron shot hits you!!
* * * LOW HITPOINT WARNING * * *
Unknown command.
Really quaff the potion of lignification?
You turn into a tree.
Your +2 cloak of preservation melds into your body.
Your +0 pair of gloves melds into your body.
Your +1 pair of boots of flying melds into your body.
Your +0 plate armour melds into your body.
You float gracefully downwards.
Your roots penetrate the ground.
You feel very sick. You block Frances's attack.
Unknown command.
Unknown command.
You bludgeon Frances!!
Frances is heavily wounded.
You feel very sick.
Frances hits you with a +4 dire flail of venom.
* * * LOW HITPOINT WARNING * * *
You thump Frances!
Frances is heavily wounded.
You feel sick.
Frances hits you with a +4 dire flail of venom!
* * * LOW HITPOINT WARNING * * *
Unknown command.
You hit Frances.
Frances is heavily wounded.
* * * LOW HITPOINT WARNING * * *
You feel sick.
Frances hits you with a +4 dire flail of venom!
You die...

### ##.# #.##
######)#######
##########.##.........##
........##.##.##♣@.....#
........##.##.#..#......
..............#.##.#....
.........#..............
.#.###.#........##......
##...#.#....###....).#..
####.#.##......#.## ## #
.#.#.........# .
#+#.###...##.


You could see Frances (fast, corroded).

Vanquished Creatures
  A boulder beetle (D:11)
  A hydra (D:13)
  A centaur warrior (D:11)
  4 two-headed ogres
  3 death yaks (D:10)
  Nergalle (D:12)
  Pikel (D:5)
  A manticore (D:11)
  An ugly thing (D:13)
  A slime creature (D:13)
  Maurice (D:8)
  An unseen horror (D:8)
  4 trolls
  3 hornets
  Grinder (D:6)
  A shadow (D:10)
  18 yaks
  A basilisk (D:13)
  A wraith (D:9)
  2 wyverns
  8 vampire mosquitoes
  Menkaure (D:4)
  Edmund (D:6)
  A water moccasin (D:8)
  An acid dragon (D:12)
  A sky beast (D:7)
  3 black bears
  6 orc warriors
  8 centaurs
  2 kobold brigands
  A bullfrog (D:8)
  2 gnoll sergeants
  2 scorpions
  9 wights
  11 killer bees
  2 howler monkeys (D:10)
  A jelly (D:5)
  Crazy Yiuf (D:6)
  2 gnoll boudas
  7 orc priests
  4 hounds
  An iguana (D:6)
  9 orc wizards
  18 gnolls
  10 adders
  A shadow imp (D:5)
  2 white imps
  An ufetubus (D:4)
  2 worms
  4 dart slugs
  28 orcs
  13 endoplasms
  2 giant cockroaches
  9 goblins
  7 hobgoblins
  3 jackals
  8 quokkas
  12 ball pythons
  5 bats
  4 frilled lizards
  18 kobolds
  9 rats
288 creatures vanquished.

Vanquished Creatures (others)
  A centaur warrior (D:13)
  A slime creature (D:13)
  A human (D:13)
  8 fungi (D:9)
11 creatures vanquished.

Grand Total: 299 creatures vanquished

Notes
Turn   | Place    | Note
-------+----------+-------------------------------------------
     0 | D:1      | Arum the Formicid Fighter began the quest for the Orb.
     0 | D:1      | Reached XP level 1. HP: 18/18 MP: 1/1
    96 | D:1      | Reached XP level 2. HP: 15/24 MP: 2/2
   458 | D:1      | Reached XP level 3. HP: 9/30 MP: 3/3
  1563 | D:2      | Reached XP level 4. HP: 32/37 MP: 4/4
  1758 | D:2      | Found a glowing golden altar of the Shining One.
  1768 | D:2      | Became a worshipper of the Shining One
  2123 | D:3      | Found a faded altar of an unknown god.
  2132 | D:3      | Found a hazy altar of Hepliaklqana.
  2214 | D:3      | Found a shimmering altar of Xom.
  2214 | D:3      | Found a shimmering altar of Xom.
  2214 | D:3      | Found a shimmering altar of Xom.
  2215 | D:3      | Found a shimmering altar of Xom.
  2313 | D:3      | Found a radiant altar of Vehumet.
  2363 | D:3      | Found a burning altar of Makhleb.
  2526 | D:3      | Reached XP level 5. HP: 42/42 MP: 5/5
  2787 | D:4      | Noticed a black bear
  2806 | D:4      | Killed a black bear
  2807 | D:4      | Reached XP level 6. HP: 42/50 MP: 3/6
  2875 | D:4      | Reached skill level 5 in Fighting
  2918 | D:4      | Found a broken altar of Ashenzari.
  2973 | D:4      | Noticed Menkaure
  2973 | D:4      | Reached * piety under the Shining One
  2986 | D:4      | Reached skill level 5 in Armour
  2988 | D:4      | Killed Menkaure
  2989 | D:4      | Reached XP level 7. HP: 45/56 MP: 5/7
  3179 | D:4      | Found a sparkling altar of Nemelex Xobeh.
  3187 | D:4      | Found a sacrificial altar of Ru.
  3366 | D:5      | Entered Level 5 of the Dungeon
  3737 | D:5      | Noticed Pikel
  3757 | D:5      | Killed Pikel
  3758 | D:5      | Reached skill level 5 in Staves
  3758 | D:5      | Reached XP level 8. HP: 31/65 MP: 3/8
  4304 | D:6      | Noticed a hornet
  4317 | D:5      | Killed a hornet
  4575 | D:6      | Reached XP level 9. HP: 54/72 MP: 9/9
  4733 | D:6      | Noticed Edmund
  4754 | D:6      | Killed Edmund
  5066 | D:6      | Noticed Grinder
  5075 | D:6      | Killed Grinder
  5913 | D:6      | Found a runed translucent door.
  5914 | D:6      | Noticed Crazy Yiuf
  5921 | D:6      | Killed Crazy Yiuf
  6210 | D:7      | Reached ** piety under the Shining One
  6535 | D:7      | Reached XP level 10. HP: 34/75 MP: 6/10
  6990 | D:7      | Reached *** piety under the Shining One
  7263 | D:7      | Found a staircase to the Ecumenical Temple.
  7295 | D:7      | Found a glowing golden altar of the Shining One.
  7414 | D:8      | Noticed Maurice
  7452 | D:8      | Killed Maurice
  7676 | D:8      | Found a bloodstained altar of Trog.
  7715 | D:8      | Reached skill level 10 in Fighting
  7715 | D:8      | Reached skill level 10 in Armour
  7778 | D:8      | Noticed an unseen horror
  7788 | D:8      | Killed an unseen horror
  7871 | D:8      | Identified the +4 chain mail "Fiowkoar" {rN+}
  8667 | D:9      | Reached XP level 11. HP: 83/92 MP: 9/11
  8742 | D:9      | Found a hide-covered altar of Uskayaw.
  8947 | D:9      | Noticed a two-headed ogre
  8953 | D:9      | Killed a two-headed ogre
  9095 | D:9      | Noticed a two-headed ogre
  9104 | D:9      | Killed a two-headed ogre
  9309 | D:9      | Reached skill level 10 in Staves
  9689 | D:9      | Identified a scroll of acquirement
  9691 | D:9      | Acquired a +1 pair of boots of flying
  9720 | D:10     | Entered Level 10 of the Dungeon
  9751 | D:10     | Found a shadowy altar of Dithmenos.
  9844 | D:10     | Noticed a two-headed ogre
  9864 | D:10     | Reached **** piety under the Shining One
  9904 | D:10     | Killed a two-headed ogre
 10081 | D:10     | Noticed a death yak
 10090 | D:10     | Noticed a death yak
 10091 | D:10     | Noticed a death yak
 10099 | D:10     | Killed a death yak
 10106 | D:10     | Killed a death yak
 10111 | D:10     | Killed a death yak
 10112 | D:10     | Reached XP level 12. HP: 85/102 MP: 10/12
 10131 | D:10     | Found a staircase to the Lair.
 10137 | D:10     | Found a staircase to the Orcish Mines.
 10212 | D:10     | Found a snail-covered altar of Cheibriados.
 10639 | D:10     | Found a stormy altar of Qazlal.
 11119 | D:11     | Noticed a two-headed ogre
 11126 | D:11     | Killed a two-headed ogre
 11403 | D:11     | Noticed a boulder beetle
 11403 | D:11     | Noticed a centaur warrior
 11426 | D:11     | Killed a centaur warrior
 11432 | D:11     | Killed a boulder beetle
 12468 | D:12     | Noticed Nergalle
 12478 | D:12     | Killed Nergalle
 12859 | D:13     | Noticed a five-headed hydra
 12872 | D:13     | Killed a five-headed hydra
 13028 | D:13     | Noticed a centaur warrior
 13051 | D:13     | Reached XP level 13. HP: 17/104 MP: 1/13
 13381 | D:13     | Noticed Frances
 13392 | D:13     | Slain by Frances

Illustrated notes

Levels and vault maps discovered:
D:1:      scummos_arrival_simple_fountains, layout_basic
D:2:      minmay_chambers_of_ones, layout_rooms, basic_altar
D:3:      layout_rooms, mainiacjoe_overflow_boulevard,
          mainiacjoe_overflow_paths, bloody_makhleb, xom_redecorated,
          hellmonk_ecumenical_altar_run_dry, grunt_ministairs_4,
          small_statue_intersection, wad_rectangle_vault
D:4:      layout_rooms, cheibrodos_ashenzari_chains,
          mainiacjoe_overflow_large_starburst, uniq_menkaure
D:5:      layout_gridville, uniq_pikel
D:6:      layout_layer_cave, uniq_edmund, uniq_grinder, uniq_crazy_yiuf_cottage
D:7:      layout_rooms, tso_oasis_becter, minmay_temple_entry_from_below_a
D:8:      layout_basic, mainiacjoe_overflow_small_starburst, uniq_maurice
D:9:      layout_loops_ring, mainiacjoe_overflow_cross_hatched
D:10:     layout_rooms, cheibriados_altar_1, grunt_dithmenos_smoke,
          nicolae_qazlal_eye_of_the_storm, dpeg_lair_monsters,
          minmay_orc_entry_temple_small
D:11:     layout_loops_corners
D:12:     layout_rooms, serial_co_window_serial, co_window_paths_a,
          co_window_paths_a, co_window_of_opportunity_a,
          co_window_of_opportunity_a, co_window_corner_a,
          co_window_of_opportunity_c, co_window_corner_ca, co_window_corner_b,
          co_window_corner_b, co_window_of_opportunity_c,
          co_window_of_opportunity_c, glass_columns_b, glass_columns_a,
          uniq_nergalle
D:13:     layout_basic, ximxim_vaults_locker_room, uniq_frances, uniq_nessos,
          uniq_snorg

Skill      XL: |  1  2  3  4  5  6  7  8  9 10 11 12 |
---------------+-------------------------------------+-----
Armour         | 4 5 6 7 8 10 12 13 | 13.4
Fighting       | 4 5 6 7 8 10 12 13 | 13.4
Staves         | 3 4 5 6 7 9 10 12 | 12.2
Shields        | |  4.0

Action                   |  1- 3 |  4- 6 |  7- 9 | 10-12 | 13-15 || total
-------------------------+-------+-------+-------+-------+-------++-------
Melee: Quarterstaff      |   108 |   135 |   198 |   506 |    17 ||   964
 Abil: Dig               |       |       |     4 |     8 |       ||    12
Evoke: Wand              |       |     1 |     3 |     9 |     3 ||    16
  Use: Potion            |       |     1 |       |     5 |     2 ||     8
       Scroll            |       |       |    15 |    10 |       ||    25
Armor: Scale mail        |    42 |    66 |    44 |       |       ||   152
       Plate armour      |       |       |    25 |   268 |     6 ||   299
       Skin              |       |       |       |     1 |       ||     1
Dodge: Dodged            |    50 |    84 |    79 |   165 |     7 ||   385
Block: Buckler           |    26 |    38 |    46 |   117 |     3 ||   230
